 Dungeon Crawl Stone Soup version 0.19.4-10-g532645f (webtiles) character file.

52 Jynx the Insei (level 3, -2/24 HPs)
             Began as an Octopode Transmuter on Feb 22, 2017.
             Slain by Terence
             ... wielding a +0 trident
              (7 damage)
             ... on level 2 of the Dungeon.
             The game lasted 00:02:39 (1396 turns).

Jynx the Insei (Octopode Transmuter)                Turns: 1396, Time: 00:02:39

Health: -2/24      AC:  1    Str:  9    XL:     3   Next: 85%
Magic:  5/6        EV: 13    Int: 15    God:
Gold:   57         SH:  0    Dex: 13    Spells: 1 memorised, 6 levels left

rFire  . . .     SeeInvis .       - Unarmed
rCold  . . .     Gourm    .     (no shield)
rNeg   . . .     Faith    .     (helmet restricted)
rPois  .         Spirit   .     (no amulet)
rElec  .         Reflect  .     (no ring)
rCorr  .         Harm     .     (no ring)
MR     .....                    (no ring)
Stlth  ++........               (no ring)
                                (no ring)
                                (no ring)
                                (no ring)
                                (no ring)

@: appendage
A: almost no armour, stealthy swim, amphibious, 8 rings, constrict 8, tentacle
spike 3, camouflage 1, gelatinous body 1
a: End Transformation


You were on level 2 of the Dungeon.
You were hungry.
One of your tentacles had a temporary spike.
You visited 1 branch of the dungeon, and saw 2 of its levels.

You collected 57 gold pieces.

Inventory:

Missiles
 a - 19 arrows
Scrolls
 e - 3 scrolls of identify {unknown}
 g - a scroll of recharging {unknown}
 h - a scroll of amnesia {unknown}
 i - a scroll of enchant weapon {unknown}
Potions
 d - a potion of ambrosia {unknown}
 f - a potion of degeneration {unknown}
 l - a potion of flight {unknown}
 m - 2 potions of lignification {unknown}
 n - a potion of curing {unknown}
Books
 b - a book of Changes

   Spells                             Type                      Level
   a - Beastly Appendage              Transmutation                1
   b - Sticks to Snakes               Transmutation                2
   c - Spider Form                    Transmutation/Poison         3
   d - Ice Form                       Ice/Transmutation            4
   e - Blade Hands                    Transmutation                5
Comestibles
 c - a bread ration
 j - 2 meat rations
 k - a slice of pizza


   Skills:
 + Level 2.0 Fighting
 - Level 2.0 Dodging
 * Level 3.5 Unarmed Combat
 + Level 2.5 Spellcasting
 + Level 2.4 Transmutations


You had 6 spell levels left.
You knew the following spells:

 Your Spells              Type           Power        Failure   Level  Hunger
a - Beastly Appendage     Tmut           #.....       10%         1    #......


Dungeon Overview and Level Annotations

Branches:
Dungeon (2/15)

Altars:
Zin
The Shining One

Annotations:
D:2 Terence


Innate Abilities, Weirdness & Mutations

You cannot wear most types of armour.
You are very stealthy in the water. (Stealth+)
You are amphibious.
You can wear up to eight rings at the same time.
You can use your tentacles to constrict eight enemies at once.
Your skin changes colour to match your surroundings (Stealth+).
Your rubbery body absorbs attacks. (AC +1, EV +1)
One of your tentacles bears a large vicious spike.


Message History

Confirm with . or Enter, or press ? or * to list all spells.
One of your tentacles grows a vicious spike.
Terence hits you from afar with a trident!
Terence hits you from afar with a trident.
A rat comes into view.
Terence hits you with a trident!
* * * LOW HITPOINT WARNING * * *
You are too injured to fight recklessly!
You are too injured to fight recklessly!
You are too injured to fight recklessly!
You are too injured to fight recklessly!
You tentacle-slap Terence but do no damage.
Your grab misses Terence. Your squeeze misses Terence. You barely miss Terence.
You grab Terence.
You pierce Terence, but do no damage.
You constrict Terence. Terence barely misses you.
You bludgeon Terence!
You pierce Terence, but do no damage.
Terence is moderately wounded.
You constrict Terence. Terence hits you with a trident!
You die...

.# ### ###.## #.. #....#
#.# #....###########'#
###### #....##...........
...... #....##...........
......##.@..##...........
?......#@...##...........
...........###......)....
........#### ##########.#
......#.## #.# ......#..#
#.# .....
#..##############.# ....
+................>. ...r
#.#.###..######.#.# .
#.#.# #..# ##.#..


You could see Terence and a rat (sleeping).

Vanquished Creatures
  A worm (D:2)
  3 dart slugs (D:1)
  2 leopard geckos
  7 goblins
  3 hobgoblins (D:1)
  8 jackals (D:1)
  2 bats
  3 frilled lizards
  6 kobolds
  2 rats (D:1)
37 creatures vanquished.

Notes
Turn   | Place    | Note
-------+----------+-------------------------------------------
     0 | D:1      | Jynx the Octopode Transmuter began the quest for the Orb.
     0 | D:1      | Reached XP level 1. HP: 13/13 MP: 3/3
    26 | D:1      | Reached XP level 2. HP: 6/18 MP: 5/5
   441 | D:1      | Reached XP level 3. HP: 22/23 MP: 6/6
   823 | D:1      | Found a glowing golden altar of the Shining One.
  1236 | D:2      | Found a glowing silver altar of Zin.
  1388 | D:2      | Noticed Terence
  1396 | D:2      | Slain by Terence

Skill      XL: |  1  2  3 |
---------------+----------+-----
Fighting       | 2 |  2.0
Dodging        | |  2.0
Unarmed Combat | |  3.5
Spellcasting   | |  2.5
Transmutations | |  2.4

Action                   || total
-------------------------++-------
Melee: Unarmed           ||    80
       Constrict         ||    25
       Tentacles         ||    13
       Kick              ||     9
       Punch             ||     1
 Cast: Beastly Appendage ||     5
 Stab: Sleeping          ||     5
  Eat: Chunk             ||     1
Armor: Skin              ||     3
Dodge: Dodged            ||    38
